 Dungeon Crawl Stone Soup version 0.25-a0-634-gd1561dc703 (webtiles) character file.

Game seed: 7141089737592937115, levelgen mode: deterministic

659 Eurus the Conjurer (level 7, 0/51 HPs)
             Began as a Mummy Conjurer on Mar 20, 2020.
             Slain by Duvessa
             ... wielding a +0 rapier
              (5 damage)
             ... on level 4 of the Dungeon.
             The game lasted 00:11:24 (4938 turns).

Eurus the Conjurer (Mummy Conjurer)                 Turns: 4938, Time: 00:11:24

Health: 0/51       AC:  2    Str: 11    XL:     7   Next: 30%
Magic:  2/15       EV: 12    Int: 16    God:
Gold:   218        SH:  0    Dex: 13    Spells: 9/16 levels left

rFire    x . .     SeeInvis .   c - +0 dagger
rCold    + . .     Gourm    .   (no shield)
rNeg     + + +     Faith    .   a - +0 robe
rPois    ∞         Spirit   .   f - +0 hat
rElec    .         Reflect  .   (no cloak)
rCorr    .         Harm     .   (no gloves)
MR       .....                  (no boots)
Stlth    ++........             (no amulet)
HPRegen  0.17/turn              (no ring)
MPRegen  0.14/turn              (no ring)

@: no status effects
A: no food or potions, fire vulnerability, cold resistance 1, negative energy
resistance 3, torment resistance, unbreathing
a: no special abilities


You were on level 4 of the Dungeon.
You were not hungry.

You visited 1 branch of the dungeon, and saw 4 of its levels.

You collected 218 gold pieces.

Inventory:

Hand Weapons
 b - a +1 vampiric spear
 c - a +0 dagger (weapon)
Armour
 a - a +0 robe (worn)
 f - a +0 hat (worn)
 l - a +0 leather armour
Jewellery
 o - an uncursed amulet of the gourmand {unknown}
Wands
 h - a wand of clouds (5)
 m - a wand of random effects (20)
Scrolls
 d - 4 scrolls of identify {unknown}
 e - 3 scrolls of remove curse {unknown}
 g - 3 scrolls of teleportation {unknown}
 i - a scroll of amnesia {unknown}
 j - 2 scrolls of random uselessness {unknown}
 k - a scroll of fear {unknown}
 n - a scroll of noise {unknown}


   Skills:
 + Level 2.8 Fighting
   Level 0.0 Maces & Flails
 - Level 1.5 Dodging
 - Level 1.5 Stealth
 + Level 5.4 Spellcasting
 * Level 5.8 Conjurations
 + Level 1.4 Translocations


You had 9 spell levels left.
You knew the following spells:

 Your Spells              Type           Power        Failure   Level  Hunger
a - Magic Dart            Conj           ###.         1%          1    N/A
b - Searing Ray           Conj           ###...       1%          2    N/A
c - Iskenderun's Mystic   Conj/Tloc      ###.....     32%         4    N/A

Your spell library contained the following spells:

 Spells                   Type           Power        Failure   Level  Hunger
 Dazzling Flash           Conj/Hex       ##....       13%         3    N/A
 Fulminant Prism          Conj/Hex       ##........   41%         4    N/A

Dungeon Overview and Level Annotations

Branches:
Dungeon (4/15)
 Temple: D:4-7

Altars:
Fedhas
Hepliaklqana
Nemelex Xobeh
Xom
The Shining One

Shops:
D:4 *

Annotations:
D:4 1 runed translucent door, Dowan; Duvessa; Menkaure; paps's ghost, amateur DsGl


Innate Abilities, Weirdness & Mutations

You do not eat or drink.
Your flesh is vulnerable to fire.
You are immune to poison.
Your flesh is cold resistant. (rC+)
You are immune to negative energy. (rN+++)
You are immune to unholy pain and torment.
You can survive without breathing.


Message History

Duvessa is heavily wounded.
Duvessa barely misses you. Duvessa hits you with a +0 rapier.
The searing ray hits Duvessa.
Duvessa is severely wounded.
You finish channeling your searing ray.
Duvessa misses you.
Dowan says, "Magic and the sword, together, will defeat you."
Casting: Searing Ray (safe; 1% risk of failure)
Confirm with . or Enter, or press ? or * to list all spells.
You don't have enough magic to cast that spell.
Unknown command.
You hit Duvessa but do no damage.
Duvessa is severely wounded.
Duvessa hits you with a +0 rapier.
* * * LOW HITPOINT WARNING * * *
You hit Duvessa but do no damage.
Duvessa is severely wounded.
Duvessa hits you with a +0 rapier!
* * * LOW HITPOINT WARNING * * *
Duvessa hits you with a +0 rapier.
You die...

.....#♣W#........................
##..##8$+...###.##......###..#.##
.....#♣.#...# #.##......# #..###
....#####...# #.# .e..###..####
##..#.##....# #.# ...>.........
#..#.##.#.## #.# .........####
#.........####.# ..#...##..#
#............#.##...#... #..#
#..#.####...!..@ee......##..####
#............#.####.............
#..#.####.##.#.# #.#.####..####
#..#.......#.#.# #.#.##........
#..#.####.##.#.# #.#.##.#######
##..#.####.##.#.# #.#.##.#
................# #.#.##.#
....######.##.### #.#.##.# ###.#
#.##.# #.#.##.#


You could see Duvessa and Dowan.

Vanquished Creatures
  2 ogres (D:4)
  A centaur (D:4)
  A scorpion (D:4)
  A crimson imp (D:2)
  An orc priest (D:2)
  2 orc wizards
  A hound (D:4)
  A bullfrog skeleton (D:4)
  A worker ant (D:4)
  4 adders
  A worm (D:3)
  4 dart slugs
  5 leopard geckos
  9 orcs
  3 ball pythons (D:2)
  5 giant cockroaches
  9 goblins
  15 hobgoblins
  7 kobolds
  A quokka (D:2)
  5 bats
  7 frilled lizards
  7 rats
93 creatures vanquished.

Notes
Turn   | Place    | Note
-------+----------+-------------------------------------------
     0 | D:1      | Eurus the Mummy Conjurer began the quest for the Orb.
     0 | D:1      | Reached XP level 1. HP: 13/13 MP: 4/4
   180 | D:1      | Reached XP level 2. HP: 19/19 MP: 0/6
   327 | D:1      | Learned a level 2 spell: Searing Ray
   912 | D:1      | Reached XP level 3. HP: 24/24 MP: 4/7
  1489 | D:2      | Reached XP level 4. HP: 26/30 MP: 3/9
  2230 | D:2      | Reached XP level 5. HP: 32/36 MP: 9/11
  2330 | D:2      | Reached skill level 1 in Fighting
  2647 | D:3      | Found a glowing golden altar of the Shining One.
  2668 | D:3      | Found a sparkling altar of Nemelex Xobeh.
  3191 | D:3      | Reached skill level 5 in Conjurations
  3320 | D:3      | Found a shimmering altar of Xom.
  3322 | D:3      | Found a hazy altar of Hepliaklqana.
  3323 | D:3      | Noticed a spectral ugly thing
  3549 | D:4      | Reached XP level 6. HP: 31/44 MP: 4/13
  3555 | D:4      | Learned a level 4 spell: Iskenderun's Mystic Blast
  4067 | D:4      | Found a blossoming altar of Fedhas.
  4130 | D:4      | Reached skill level 5 in Spellcasting
  4130 | D:4      | Reached skill level 1 in Translocations
  4422 | D:4      | Reached XP level 7. HP: 32/51 MP: 6/14
  4522 | D:4      | Found a runed translucent door.
  4523 | D:4      | Noticed paps's ghost (amateur DsGl)
  4527 | D:4      | Noticed Dowan
  4641 | D:4      | Found Symin's Assorted Antiques.
  4734 | D:4      | Noticed Menkaure
  4922 | D:4      | Noticed Duvessa
  4938 | D:4      | Slain by Duvessa

Levels and vault maps discovered:
D:1:      dpeg_arrival_rooms_b, layout_loops_ring
D:2:      layout_loops_cross, first_ration, minmay_joined_circles
D:3:      layout_loops_corners, regret_index_temple_of_mockery,
          lemuel_doored_altar, nemelex_xobeh_ov_fountains_minmay
D:4:      layout_basic, old_standard_altar, gammafunk_ghost_grave, serial_shops,
          shop_fountains, uniq_menkaure, uniq_duvessa

Skill      XL: |  1  2  3  4  5  6 |
---------------+-------------------+-----
Spellcasting   | 3 4 5 |  5.4
Conjurations   | 4 5 |  5.8
Fighting       | 1 2 |  2.8
Translocations | 1 |  1.4
Dodging        | |  1.5
Stealth        | |  1.5

Action                   |  1- 3 |  4- 6 |  7- 9 || total
-------------------------+-------+-------+-------++-------
Melee: Unarmed           |     3 |       |       ||     3
       Club              |     2 |       |       ||     2
       Dagger            |    56 |    67 |     2 ||   125
 Cast: Magic Dart        |    75 |    66 |     1 ||   142
       Searing Ray       |     2 |    21 |     5 ||    28
Armor: Robe              |    13 |    11 |     1 ||    25
Dodge: Dodged            |    50 |    55 |     6 ||   111

Table legend:
 A = Non-vault XP
 B = Vault XP
 C = Vault XP percentage of total XP
 D = Non-vault monster count
 E = Vault monster count
 F = Vault count percentage of total count
                 A         B        C        D         E       F
            +---------+---------+-------+---------+---------+-------
      Total |     866 |      76 |   8.1 |      85 |       8 |   8.6
            +---------+---------+-------+---------+---------+-------
        D:1 |      50 |       0 |   0.0 |      26 |       0 |   0.0
        D:2 |     126 |      76 |  37.6 |      23 |       8 |  25.8
        D:3 |     116 |       0 |   0.0 |      25 |       0 |   0.0
        D:4 |     574 |       0 |   0.0 |      11 |       0 |   0.0
            +---------+---------+-------+---------+---------+-------
